cohdb
Replays
Latest Replays
All Replays
Popular Replays
Top Player Replays
Match Explorer
How It Works
Community
CoH3 Stats
Reddit
Sign in to upload your games and track your stats! →
Sign in with Steam
Match 42389762
Unlisted
Match 42389762
Overview
Messages
Build Orders
End
Kradschützen Motorcycle Team
Panzergrenadier Squad
250 Light Carrier
Construct Light Support Kompanie
Assault Grenadier Squad
Combat Half-tracks
Construct Mechanized Kompanie
Support Armor Elements
le.IG 18 Mechanized Group
le.IG 18 Support Gun Team
StuG III D Assault Gun
StuG III D Assault Gun
254 Reconnaissance Tractor
Selects Italian Infantry
Selects Italian Infantry
Selects Guastatori Squad
Selects Registered Artillery
Registered Artillery
Selects Defensive Operations
Pak 38 Anti-tank Gun Team
Pak 38 Mechanized Group
Selects Prepared Positions
Construct Panzerarmee Kommand
Emergency Repair Kits
Selects Obice 305mm Barrage
Registered Artillery
Brother
Anker
0
0
Comments
sign in to comment!
No comments posted yet!